 Dungeon Crawl Stone Soup version 0.31.0-11-ge490571c62 (webtiles) character file.

Game seed: 15564567970716563235

42 qw the Shooter (level 3, 0/20 HPs)
             Began as a Deep Elf Hunter on Feb 4, 2024.
             Slain by a goblin
             ... wielding a +0 club
             ... led by Robin
              (5 damage)
             ... on level 2 of the Dungeon.
             The game lasted 00:00:03 (910 turns).

qw the Shooter (Deep Elf Hunter)                     Turns: 910, Time: 00:00:04

Health: 0/20       AC:  6    Str: 10    XL:     3   Next: 33%
Magic:  5/5        EV: 11    Int: 13    God:
Gold:   102        SH:  0    Dex: 18    Spells: 2/2 levels left

rFire   . . .        a - +0 shortbow
rCold   . . .        (shield currently unavailable)
rNeg    . . .        d - +1 ring mail
rPois   .            (no helmet)
rElec   .            (no cloak)
rCorr   .            (no gloves)
SInv    .            (no boots)
Will    .....        (no amulet)
Stlth   +            (no ring)
HPRegen 0.23/turn    (no ring)
MPRegen 0.09/turn

%: no passive effects
@: no status effects
A: no striking features
a: no special abilities


You were on level 2 of the Dungeon.
You visited 1 branch of the dungeon, and saw 2 of its levels.

You collected 102 gold pieces.


   Skills:
 - Level 1.5 Fighting
 + Level 6.9 Ranged Weapons
 - Level 2.4 Dodging
 - Level 1.2 Stealth


You had 2 spell levels left.
You didn't know any spells.
Your spell library was empty.

Inventory:

Hand Weapons
 a - a +0 shortbow (weapon)
Armour
 d - a +1 ring mail (worn)
Potions
 f - a potion of might {unknown}

Dungeon Overview and Level Annotations

Branches:
Dungeon (2/15)

Altars:

Shops:
D:1 [

Annotations:
D:2 Robin


Message History

You shoot an arrow.
Robin shouts!
The goblin shouts!
The arrow hits the goblin.
The goblin is moderately wounded.
You shoot an arrow. The arrow barely misses the goblin.
The arrow misses the goblin.
The arrow barely misses the goblin.
A goblin comes into view. It is wielding a +0 dagger.
Robin roars a battlecry!
The goblins go into a battle-frenzy!
You shoot an arrow. The arrow hits the goblin.
You kill the goblin!
Robin throws the goblin at you! The goblin closely misses you.
The hobgoblin hits you but does no damage.
You shoot an arrow. The arrow closely misses the hobgoblin.
The arrow hits the goblin!
You kill the goblin!
The goblin hits you with a +0 dagger. The hobgoblin hits you.
You shoot an arrow. The arrow hits the hobgoblin!
You kill the hobgoblin!
The goblin closely misses you.
You shoot an arrow. The arrow hits the goblin!
You kill the goblin!
The goblin hits you with a +0 dagger.
A goblin comes into view. It is wielding a +0 dagger.
You shoot an arrow. The arrow barely misses the goblin.
The goblin shouts!
The arrow hits the goblin.
You kill the goblin!
The goblin closely misses you. The goblin hits you but does no damage.
You shoot an arrow. The arrow barely misses the goblin.
The arrow hits the goblin.
The goblin is severely wounded.
The goblin misses you. The goblin completely misses you.
Robin barely misses you. Robin throws the goblin at you!
The goblin hits you with a +0 club. x2; The goblin hits you but does no damage.
You shoot an arrow. The arrow hits the goblin.
You kill the goblin!
The goblin barely misses you. Robin throws the goblin at you!
The goblin hits you but does no damage. The goblin hits you with a +0 club.
You die...

######### ###.......# [
.##.#####.# ..
..........###### ...
####....#......# ....
#.....#......# .....
###.....#......###g.....
...>...........g@g)g....
###:#..........g##).....
# #.#.......)...# #####
# #.#...........# #
#........####.#
####.......####'###
#.................#
###.#.#####.......#
#.#..# #.......#


You could see Robin and 4 goblins.

Vanquished Creatures
  2 ball pythons
  2 giant cockroaches (D:1)
  7 goblins
  3 hobgoblins
  9 jackals (D:1)
  4 kobolds
  A quokka (D:1)
  4 bats
  4 rats (D:1)
36 creatures vanquished.

Notes
Turn   | Place    | Note
-------+----------+-------------------------------------------
     0 | D:1      | qw the Deep Elf Hunter began the quest for the Orb.
     0 | D:1      | Reached XP level 1. HP: 12/12 MP: 3/3
     0 | D:1      | 0 ||| qw: Version: 0.3-a-160-g6735b56
     0 | D:1      | 0 ||| qw: Game counter: 4797
     0 | D:1      | 0 ||| qw: Melee chars always use a shield: true
     0 | D:1      | 0 ||| qw: God list: Okawaru
     0 | D:1      | 0 ||| qw: Allow faded altars: false
     0 | D:1      | 0 ||| qw: Do Orc after clearing Dungeon:15 true
     0 | D:1      | 0 ||| qw: Do second Lair branch before Depths: true
     0 | D:1      | 0 ||| qw: Lair rune preference: random
     0 | D:1      | 0 ||| qw: Goals: Normal
     0 | D:1      | 0 ||| PLANNING D:1-11
   106 | D:1      | Reached skill level 6 in Ranged Weapons
   106 | D:1      | Reached XP level 2. HP: 13/16 MP: 4/4
   117 | D:1      | Found Yzi Nets's Antique Armour Shop.
   125 | D:1      | 125 ||| SHOPLISTING pair of boots (99 gold, have 34).
   234 | D:1      | 234 ||| RETREEEEATING.
   235 | D:1      | 235 ||| RETREEEEATING.
   236 | D:1      | 236 ||| RETREEEEATING.
   238 | D:1      | 238 ||| RETREEEEATING.
   239 | D:1      | 239 ||| RETREEEEATING.
   240 | D:1      | 240 ||| RETREEEEATING.
   658 | D:1      | Reached XP level 3. HP: 20/20 MP: 5/5
   758 | D:1      | 758 ||| UPGRADING to +0 ring mail.
   768 | D:1      | 768 ||| DROPPING +0 leather armour.
   769 | D:1      | 769 ||| READING scroll labelled RAUNTU UTRUXT.
   769 | D:1      | 769 ||| ENCHANTING +0 ring mail.
   770 | D:1      | 770 ||| READING scroll labelled ASOBOPNIUHE.
   771 | D:1      | 771 ||| DROPPING scroll of butterflies.
   901 | D:2      | Noticed Robin
   909 | D:2      | HP: 5/20 [goblin/+0 club[Robin] (6)]
   910 | D:2      | Slain by a goblin

Levels and vault maps discovered:
D:1:      dpeg_arrival_water_temple_mockup, layout_basic, serial_shops,
          nicolae_shop_overgrown_old_shop, kennysheep_decorative_pillar
D:2:      layout_basic, nicolae_elevator_lobby_asterisk, uniq_robin

Skill      XL: |  1 |
---------------+----+-----
Ranged Weapons | 6 |  6.9
Fighting       | |  1.5
Dodging        | |  2.4
Stealth        | |  1.2

Action                     || total
---------------------------++-------
   Fire: Shortbow          ||    82
    Use: Scroll            ||     2
 Armour: Leather armour    ||    27
         Ring mail         ||    11
  Dodge: Dodged            ||    37

Table legend:
 A = Non-vault XP
 B = Vault XP
 C = Vault XP percentage of total XP
 D = Non-vault monster count
 E = Vault monster count
 F = Vault count percentage of total count
                 A         B        C        D         E       F
            +---------+---------+-------+---------+---------+-------
      Total |      51 |      10 |  16.4 |      30 |       6 |  16.7
            +---------+---------+-------+---------+---------+-------
        D:1 |      45 |       0 |   0.0 |      26 |       0 |   0.0
        D:2 |       6 |      10 |  62.5 |       4 |       6 |  60.0
            +---------+---------+-------+---------+---------+-------
